 Dungeon Crawl Stone Soup version 0.30-a0-576-g89cddaab80 (webtiles) character file.

Game seed: 14756110764314097325

4 cforsyth the Ruffian (level 1, 0/19 HPs)
             Began as a Ghoul Monk on Dec 31, 2022.
             Slain by a jackal (3 damage)
             ... on level 1 of the Dungeon.
             The game lasted 00:00:22 (144 turns).

cforsyth the Ruffian (Ghoul Monk)                    Turns: 144, Time: 00:00:23

Health: 0/19       AC:  2    Str: 14    XL:     1   Next: 70%
Magic:  0/0        EV: 12    Int:  5    God:
Gold:   0          SH:  0    Dex: 11    Spells: 0/0 levels left

rFire   . . .      SeeInvis .      - Unarmed
rCold   + . .      Faith    .    (no shield)
rNeg    + + +      Spirit   .    a - +0 robe
rPois   ∞          Reflect  .    (no helmet)
rElec   .          Harm     .    (no cloak)
rCorr   .          Rampage  .    (no gloves)
Will    .....                    (no boots)
Stlth   ++                       (no amulet)
HPRegen 0.00/turn                (no ring)
MPRegen 0.07/turn                (no ring)

@: inhibited regen
A: claws 1, cold resistance 1, negative energy resistance 3, inhibited
regeneration, torment resistance 2, devour on kill
a: no special abilities


You were on level 1 of the Dungeon.
You visited 1 branch of the dungeon, and saw 1 of its levels.

Inventory:

Armour
 a - a +0 robe (worn)
Potions
 b - a potion of ambrosia


   Skills:
 + Level 3.5 Fighting
 - Level 2.6 Dodging
 - Level 2.1 Stealth
 + Level 3.5 Unarmed Combat


You couldn't memorise any spells.
You didn't know any spells.
Your spell library was empty.

Dungeon Overview and Level Annotations

Branches:
Dungeon (1/15)

Altars:


Innate Abilities, Weirdness & Mutations

You are immune to poison.
You have sharp fingernails.
Your flesh is cold resistant. (rC+)
You are immune to negative energy. (rN+++)
You do not regenerate when monsters are visible.
You are immune to unholy pain and torment.
You thrive by killing the living.


Message History

The jackal misses you. x2; The jackal barely misses you.
The jackal misses you.
You completely miss the jackal.
The jackal bites you but does no damage.
The jackal barely misses you. The jackal closely misses you.
The jackal barely misses you.
You barely miss the jackal. The jackal bites you.
The jackal bites you but does no damage.
The jackal misses you. The jackal barely misses you.
You miss the jackal.
The jackal bites you. x2; The jackal closely misses you. x2
The frilled lizard hisses.
You are too injured to fight recklessly!
You are too injured to fight recklessly!
You are too injured to fight recklessly!
You are too injured to fight recklessly!
You are too injured to fight recklessly!
You are too injured to fight recklessly!
You are too injured to fight recklessly!
You are too injured to fight recklessly!
You are too injured to fight recklessly!
You are too injured to fight recklessly!
You are too injured to fight recklessly!
You are too injured to fight recklessly!
The jackal attacks as you move away! The jackal bites you.
The jackal attacks as you move away! The jackal closely misses you.
The jackal completely misses you. The jackal closely misses you.
The jackal attacks as you move away! The jackal bites you.
* * * LOW HITPOINT WARNING * * *
The jackal attacks as you move away!
The jackal bites you but does no damage.
The jackal barely misses you. The jackal attacks as you move away!
The jackal closely misses you.
The jackal bites you but does no damage.
The jackal barely misses you. The jackal closely misses you.
The jackal bites you but does no damage.
The jackal attacks as you move away! The jackal closely misses you.
The jackal barely misses you. The jackal bites you.
* * * LOW HITPOINT WARNING * * *
The jackal barely misses you. The jackal bites you.
You die...

.⌠......... ....................
.................................
.................................
.................................
.....###.........................
.....# ..................r......
..#...# ...........h..####.)....
.......# #...####.r..###......
........ #...@h.h.............
....... #....hhl.............
##+#............#####
#............# #..............
#.............. ..............
#............


You could see 4 jackals, a frilled lizard and a rat.

Vanquished Creatures
  2 kobolds (D:1)
  A quokka (D:1)
  2 ball pythons (D:1)
5 creatures vanquished.

Notes
Turn   | Place    | Note
-------+----------+-------------------------------------------
     0 | D:1      | cforsyth the Ghoul Monk began the quest for the Orb.
     0 | D:1      | Reached XP level 1. HP: 19/19 MP: 0/0
   144 | D:1      | Slain by a jackal

Illustrated notes

Levels and vault maps discovered:
D:1:      wander_arrival_desolate, layout_basic, basic_ecumenical_altar

Action                   || total
-------------------------++-------
Melee: Unarmed           ||    18
       Punch             ||     1
Armor: Robe              ||     7
Dodge: Dodged            ||    29

Table legend: (Time is in decaauts)
 A = Elapsed time spent in this place.
 B = Non-inter-level travel time spent in this place.
 C = Inter-level travel time spent in this place.
 D = Time resting spent in this place.
 E = Time spent auto-exploring this place.
 F = Levels seen in this place.
 G = Mean time per level.
                   A        B        C        D        E       F      G
               +--------+--------+--------+--------+--------+-----+--------+
         Total |    142 |    142 |      0 |      0 |     92 |   1 |  142.0 |
       Dungeon |    142 |    142 |      0 |      0 |     92 |   1 |  142.0 |
               +--------+--------+--------+--------+--------+-----+--------+

Top non-repeatable levels by time:
     D:1: 142 daAuts
